 Dungeon Crawl Stone Soup version 0.31.0-9-g3a7656b989 (webtiles) character file.

Game seed: 17009513104006658656

324 qw the Ducker (level 6, -2/32 HPs)
             Began as a Spriggan Hunter on Feb 2, 2024.
             Was an Initiate of Okawaru.
             Slain by a sleepcap (8 damage)
             ... on level 6 of the Dungeon.
             The game lasted 00:00:07 (1737 turns).

qw the Ducker (Spriggan Hunter)                     Turns: 1737, Time: 00:00:07

Health: -2/32      AC:  4    Str:  7    XL:     6   Next: 23%
Magic:  7/7        EV: 22    Int: 11    God:    Okawaru [......]
Gold:   109        SH:  0    Dex: 20    Spells: 5/5 levels left

rFire   . . .        a - +0 shortbow
rCold   . . .        (shield currently unavailable)
rNeg    . . .        c - +0 robe
rPois   .            (helmet restricted)
rElec   .            l - +1 cloak
rCorr   .            (gloves unavailable)
SInv    +            (boots unavailable)
Will    +....        (no amulet)
Stlth   ++           (no ring)
HPRegen 0.25/turn    (no ring)
MPRegen 0.10/turn

%: no passive effects
@: very quick
A: very small, no large weapons, unfitting armour, see invisible, speed 3
a: Renounce Religion


You were on level 6 of the Dungeon.
You worshipped Okawaru.
Okawaru was noncommittal.
You visited 1 branch of the dungeon, and saw 4 of its levels.

You collected 109 gold pieces.


Innate Abilities, Weirdness & Mutations

You are very small and have problems with some larger weapons.
You are too small for most types of armour.
You have supernaturally acute eyesight. (SInv)
You cover ground extremely quickly. (Speed+++)


   Skills:
 - Level 2.4 Fighting
 + Level 5.1 Ranged Weapons
 - Level 7.0 Dodging
 - Level 1.5 Stealth


You had 5 spell levels left.
You didn't know any spells.
Your spell library was empty.

Inventory:

Hand Weapons
 a - a +0 shortbow (weapon)
Armour
 c - a +0 robe (worn)
 l - a +1 cloak (worn)
Potions
 f - 2 potions of curing
 i - a potion of might

Dungeon Overview and Level Annotations

Branches:
Dungeon (3/15)

Altars:
Okawaru


Message History

You shoot an arrow. The arrow closely misses the iguana.
The arrow hits the sleepcap.
The sleepcap is lightly damaged.
The iguana completely misses you.
You shoot an arrow. The arrow hits the iguana.
The iguana is almost dead.
The iguana bites you!
You shoot an arrow. The arrow hits the iguana.
The iguana is almost dead.
The iguana closely misses you.
You shoot an arrow. The arrow hits the iguana.
You kill the iguana!
Okawaru accepts your kill.
You shoot an arrow. The arrow hits the sleepcap.
The sleepcap is moderately damaged.
The sleepcap releases spores at you but does no damage.
You shoot an arrow. The arrow hits the sleepcap.
The sleepcap is heavily damaged.
The sleepcap releases spores at you.
You are engulfed in a cloud of soporific spores!
You fall asleep.
The sleepcap releases spores at you!
You wake up.
You shoot an arrow. The arrow hits the sleepcap!
The sleepcap is severely damaged.
The sleepcap closely misses you.
You shoot an arrow.
The arrow hits the sleepcap but does no damage.
The sleepcap is severely damaged.
The sleepcap completely misses you. x2
You shoot an arrow.
The arrow hits the sleepcap but does no damage.
The sleepcap is severely damaged.
The sleepcap releases spores at you.
You shoot an arrow. The arrow hits the sleepcap.
The sleepcap is almost destroyed.
The sleepcap misses you.
You shoot an arrow.
The arrow completely misses the sleepcap.
The sleepcap releases spores at you!
You die...

#.# #.# #.#
#.# #.# #.#
#.#
#.########...
#....@f......
#############


You could see a sleepcap.

Vanquished Creatures
  Sigmund (D:3)
  A bullfrog (D:6)
  An iguana (D:6)
  3 adders (D:2)
  A dart slug (D:1)
  A ribbon worm (D:2)
  An orc (D:3)
  2 endoplasms (D:2)
  4 giant cockroaches
  4 goblins
  A hobgoblin (D:1)
  2 jackals (D:1)
  2 quokkas
  4 ball pythons
  2 bats
  4 frilled lizards
  5 kobolds
  A rat (D:1)
40 creatures vanquished.

Notes
Turn   | Place    | Note
-------+----------+-------------------------------------------
     0 | D:1      | qw the Spriggan Hunter began the quest for the Orb.
     0 | D:1      | Reached XP level 1. HP: 10/10 MP: 2/2
     0 | D:1      | 0 ||| qw: Version: 0.3-a-155-g5e7d8dd
     0 | D:1      | 0 ||| qw: Game counter: 1912
     0 | D:1      | 0 ||| qw: Melee chars always use a shield: true
     0 | D:1      | 0 ||| qw: God list: Okawaru
     0 | D:1      | 0 ||| qw: Allow faded altars: false
     0 | D:1      | 0 ||| qw: Do Orc after clearing Dungeon:15 true
     0 | D:1      | 0 ||| qw: Do second Lair branch before Depths: true
     0 | D:1      | 0 ||| qw: Lair rune preference: random
     0 | D:1      | 0 ||| qw: Goals: Normal
     0 | D:1      | 0 ||| PLANNING D:1-11
    38 | D:1      | Reached skill level 3 in Dodging
   208 | D:1      | Reached XP level 2. HP: 14/14 MP: 3/3
   218 | D:1      | Reached skill level 4 in Dodging
   507 | D:1      | 507 ||| READING 2 scrolls labelled QIDUAPP VERYXY.
   508 | D:1      | 508 ||| DROPPING scroll of butterflies.
   544 | D:2      | Reached XP level 3. HP: 13/18 MP: 4/4
   785 | D:2      | Found a faded altar of an unknown god.
  1149 | D:2      | 1149 ||| UPGRADING to +0 cloak.
  1154 | D:2      | 1154 ||| DROPPING ring of magical power.
  1155 | D:2      | 1155 ||| READING scroll of identify.
  1155 | D:2      | 1155 ||| IDENTIFYING clear potion
  1156 | D:2      | 1156 ||| READING scroll labelled MOLUIG FOTEOFO.
  1157 | D:2      | 1157 ||| READING scroll labelled TOS CUMENUCKYOVAI.
  1158 | D:2      | 1158 ||| READING scroll labelled TUKUS WOHADAHE.
  1158 | D:2      | 1158 ||| ENCHANTING +0 cloak.
  1159 | D:2      | 1159 ||| READING scroll labelled APIQAEMIET.
  1160 | D:2      | 1160 ||| DRINKING 2 silvery potions.
  1161 | D:2      | 1161 ||| DRINKING 4 purple potions.
  1162 | D:2      | 1162 ||| DRINKING 2 yellow potions.
  1189 | D:2      | 1189 ||| DROPPING potion of attraction.
  1190 | D:2      | 1190 ||| DROPPING potion of lignification.
  1333 | D:3      | 1333 ||| FLEEEEING.
  1334 | D:3      | 1334 ||| FLEEEEING.
  1337 | D:3      | 1337 ||| FLEEEEING.
  1338 | D:3      | 1338 ||| FLEEEEING.
  1524 | D:3      | Noticed Sigmund
  1537 | D:3      | 1537 ||| DRINKING 3 potions of curing.
  1537 | D:3      | 1537 ||| (to cure confusion)
  1540 | D:3      | Killed Sigmund
  1541 | D:3      | Reached skill level 7 in Dodging
  1541 | D:3      | Reached XP level 4. HP: 10/22 MP: 5/5
  1541 | D:3      | Reached XP level 5. HP: 11/25 MP: 6/6
  1616 | D:3      | Found an iron altar of Okawaru.
  1617 | D:3      | 1617 ||| PLANNING OKAWARU WORSHIP
  1617 | D:3      | 1617 ||| READING scroll of identify.
  1617 | D:3      | 1617 ||| IDENTIFYING cyan potion
  1618 | D:3      | 1618 ||| DROPPING potion of degeneration.
  1628 | D:3      | Became a worshipper of Warmaster Okawaru
  1629 | D:3      | 1629 ||| PLANNING D:1-11
  1708 | D:3      | You fall into a shaft and drop 3 floors!
  1724 | D:6      | Reached XP level 6. HP: 32/32 MP: 7/7
  1735 | D:6      | HP: 5/32 [sleepcap (5)]
  1737 | D:6      | Slain by a sleepcap

Levels and vault maps discovered:
D:1:      psy_arrival_whirlpool, layout_basic
D:2:      layout_basic, dreamdust_ecumenical_altar_angels_and_demons,
          nicolae_elevator_lobby_plus
D:3:      layout_loops_corners, lemuel_tele_altar, okawaru_gym_becter,
          serial_shops, nicolae_shop_statue_plus, gammafunk_ghost_nasty_kobolds,
          uniq_sigmund
D:6:      cheibrodos_quashed, layout_basic, mainiacjoe_overflow_catwalk,
          uniq_jeremiah, uniq_eustachio

Skill      XL: |  1  2  3  4  5 |
---------------+----------------+-----
Dodging        | 3 4 7 |  7.0
Ranged Weapons | 5 |  5.1
Fighting       | 2 |  2.4
Stealth        | |  1.5

Action                     |  1- 3 |  4- 6 || total
---------------------------+-------+-------++-------
   Fire: Shortbow          |   111 |    23 ||   134
    Use: Scroll            |     6 |     1 ||     7
         Potion            |     4 |       ||     4
 Armour: Robe              |    11 |     7 ||    18
  Dodge: Dodged            |    44 |    10 ||    54

Table legend:
 A = Non-vault XP
 B = Vault XP
 C = Vault XP percentage of total XP
 D = Non-vault monster count
 E = Vault monster count
 F = Vault count percentage of total count
                 A         B        C        D         E       F
            +---------+---------+-------+---------+---------+-------
      Total |     225 |     239 |  51.5 |      39 |       1 |   2.5
            +---------+---------+-------+---------+---------+-------
        D:1 |      28 |       0 |   0.0 |      17 |       0 |   0.0
        D:2 |      57 |       0 |   0.0 |      12 |       0 |   0.0
        D:3 |      12 |     239 |  95.2 |       8 |       1 |  11.1
        D:6 |     128 |       0 |   0.0 |       2 |       0 |   0.0
            +---------+---------+-------+---------+---------+-------
